 Dungeon Crawl Stone Soup version 0.29.0-13-gc9e81de378 (webtiles) character file.

Game seed: 11300801517430704284

102 pacmanke6689 the Gusty (level 4, -1/24 HPs)
             Began as a Tengu Air Elementalist on Sept 10, 2022.
             Killed from afar by an orc wizard (14 damage)
             ... with a puff of flame
             ... on level 3 of the Dungeon.
             The game lasted 00:05:14 (1753 turns).

pacmanke6689 the Gusty (Tengu Air Elementalist)     Turns: 1753, Time: 00:05:15

Health: -1/24      AC:  2    Str:  9    XL:     4   Next: 77%
Magic:  1/9        EV: 12    Int: 17    God:
Gold:   126        SH:  0    Dex: 14    Spells: 7/8 levels left

rFire   . . .      SeeInvis .   d - +2 short sword (speed)
rCold   . . .      Faith    .   (no shield)
rNeg    . . .      Spirit   .   a - +0 robe
rPois   .          Reflect  .   (helmet restricted)
rElec   .          Harm     .   (no cloak)
rCorr   .          Rampage  .   (no gloves)
Will    .....                   (boots unavailable)
Stlth   ++........              (no amulet)
HPRegen 0.08/turn               (no ring)
MPRegen 0.11/turn               (no ring)

@: no status effects
A: beak, talons 3
a: no special abilities


You were on level 3 of the Dungeon.
You visited 1 branch of the dungeon, and saw 3 of its levels.

You collected 126 gold pieces.

Inventory:

Hand Weapons
 d - a +2 short sword of speed (weapon)
Armour
 a - a +0 robe (worn)
Jewellery
 e - a +4 ring of protection
Scrolls
 c - a scroll of immolation {unknown}
 i - a scroll of fear
Potions
 b - a potion of magic
 f - 2 potions of resistance
 g - a potion of flight


   Skills:
 + Level 0.2 Short Blades
 + Level 2.8 Dodging
 + Level 2.4 Stealth
 + Level 2.9 Spellcasting
 + Level 2.3 Conjurations
 + Level 5.1 Air Magic


You had 7 spell levels left.
You knew the following spells:

 Your Spells              Type           Power      Damage    Failure   Level
a - Shock                 Conj/Air       60%        1d6       3%          1

Your spell library contained the following spells:

 Spells                   Type           Power      Damage    Failure   Level
 Static Discharge         Conj/Air       15%        3-5/arc   6%          2
 Swiftness                Air            19%        N/A       6%          3
 Airstrike                Air            9%         2d(2-18)  22%         4


Dungeon Overview and Level Annotations

Branches:
Dungeon (3/15)

Altars:


Innate Abilities, Weirdness & Mutations

You have a beak for a mouth.
You have claws for feet.


Message History

You kill the quokka!
The orc wizard misses you.
Aiming: Shock (safe; 3% risk of failure)
Press: ? - help, Q - select action Shift-Dir - straight line, f/p - orc wizard
Aim: an orc wizard, wielding a +0 dagger and wearing a +2 robe of resistance (moderately wounded, 64% to hit)
The zap hits the orc wizard.
The orc wizard is severely wounded.
The zap hits the orc.
The orc is almost dead.
The orc wizard closely misses you.
Aiming: Shock (safe; 3% risk of failure)
Press: ? - help, Q - select action Shift-Dir - straight line, f/p - orc wizard
Aim: an orc wizard, wielding a +0 dagger and wearing a +2 robe of resistance (severely wounded, 64% to hit)
The zap hits the orc wizard.
The orc wizard is severely wounded.
The zap hits the orc.
You kill the orc!
The orc wizard hits you with a +0 dagger.
A worm comes into view.
Unknown command.
You hit the orc wizard but do no damage.
Your kick misses the orc wizard. Your peck misses the orc wizard.
You punch the orc wizard, but do no damage.
The orc wizard is severely wounded.
The orc wizard mumbles some strange words.
The orc wizard flickers and vanishes!
Deactivating autopickup; reactivate with Ctrl-A.
You barely miss something.
You hear some strange, mumbled words.
A magic dart appears from out of thin air!
The magic dart hits you!
* * * LOW HITPOINT WARNING * * *
You feel better. Something hits you.
You closely miss something. Your kick misses something.
You closely miss something. Your kick misses something.
You hear some strange, mumbled words.
A puff of flame appears from out of thin air!
The puff of flame hits you!
Ouch! That really hurt!
You die...

#######. #. ###
#>...... . ..
#.#####. .#..
#.###... .w. .. .#
#....... #†. ..#.#
#.###.#. #)# #.#.#
#.###.#. #{# #.<.#
#....... #@###...#
#.#...#. #.......#
#.#.###.
##......###.#.##..
####...##.###........
+....................
####...##.###.##.#..>
##.###.# #.##.##.#
### #.# #.##..### #.#
#.# .# #


You could see a worm.

Vanquished Creatures
  Terence (D:2)
  An adder (D:2)
  A dart slug (D:2)
  2 orcs (D:3)
  8 ball pythons
  3 endoplasms
  A giant cockroach (D:2)
  2 goblins (D:1)
  2 hobgoblins
  6 kobolds
  3 quokkas
  5 bats
  A frilled lizard (D:1)
  3 rats
39 creatures vanquished.

Vanquished Creatures (others)
  An orc wizard (D:3)
1 creature vanquished.

Grand Total: 40 creatures vanquished

Notes
Turn   | Place    | Note
-------+----------+-------------------------------------------
     0 | D:1      | pacmanke6689 the Tengu Air Elementalist began the quest for
                  | the Orb.
     0 | D:1      | Reached XP level 1. HP: 10/10 MP: 4/4
   233 | D:1      | Reached XP level 2. HP: 15/15 MP: 3/6
   931 | D:2      | Reached XP level 3. HP: 13/19 MP: 1/7
  1298 | D:2      | Noticed Terence
  1307 | D:2      | Killed Terence
  1308 | D:2      | Reached skill level 5 in Air Magic
  1308 | D:2      | Reached XP level 4. HP: 15/24 MP: 1/8
  1753 | D:3      | Killed from afar by an orc wizard

Illustrated notes

Levels and vault maps discovered:
D:1:      psy_arrival_whirlpool, layout_loops_ring, minivault_25,
          minmay_misc_feat_roman
D:2:      layout_basic, uniq_terence
D:3:      layout_loops_corners, nicolae_gozag_seed_capital,
          ebering_ecumenical_altar_petrified, uniq_robin

Skill      XL: |  1  2  3 |
---------------+----------+-----
Conjurations   | 2 |  2.3
Air Magic      | 5 |  5.1
Short Blades   | |  0.2
Dodging        | |  2.8
Stealth        | |  2.4
Spellcasting   | |  2.9

Action                   |  1- 3 |  4- 6 || total
-------------------------+-------+-------++-------
Melee: Short sword       |     5 |    12 ||    17
       Kick              |     1 |     1 ||     2
       Punch             |       |     1 ||     1
 Cast: Shock             |    57 |    18 ||    75
  Use: Scroll            |     3 |       ||     3
       Potion            |       |     2 ||     2
Armor: Robe              |     1 |     2 ||     3
Dodge: Dodged            |     6 |     2 ||     8
